Workbook

Sheet 業績予想（月次）
A1: 業績予想管理表（月次：予算・実績・見込み）
A2: 単位：百万円。上期は実績、下期は見込み。下期の売上は「売上見込み（案件別）」シートの期待値を自動集計。数値は説明のための例です。
A3: 予算の原価率 | C3: 0.7
A4: 下期見込みの原価率 | C4: 0.72
A6: 項目 | B6: 区分 | C6: 4月 | D6: 5月 | E6: 6月 | F6: 7月 | G6: 8月 | H6: 9月 | I6: 10月 | J6: 11月 | K6: 12月 | L6: 1月 | M6: 2月 | N6: 3月 | O6: 年間合計 | P6: 予算 | Q6: 予算との差
A7: （月の区分） | C7: 実績 | D7: 実績 | E7: 実績 | F7: 実績 | G7: 実績 | H7: 実績 | I7: 見込み | J7: 見込み | K7: 見込み | L7: 見込み | M7: 見込み | N7: 見込み
A8: 売上高 | B8: 予算 | C8: 100 | D8: 100 | E8: 100 | F8: 100 | G8: 100 | H8: 100 | I8: 100 | J8: 100 | K8: 100 | L8: 100 | M8: 100 | N8: 100 | O8: =SUM(C8:N8)
A9: 売上高 | B9: 実績・見込み | C9: 90 | D9: 95 | E9: 105 | F9: 85 | G9: 100 | H9: 95 | I9: =SUMIFS('売上見込み（案件別）'!$G:$G,'売上見込み（案件別）'!$D:$D,"10月") | J9: =SUMIFS('売上見込み（案件別）'!$G:$G,'売上見込み（案件別）'!$D:$D,"11月") | K9: =SUMIFS('売上見込み（案件別）'!$G:$G,'売上見込み（案件別）'!$D:$D,"12月") | L9: =SUMIFS('売上見込み（案件別）'!$G:$G,'売上見込み（案件別）'!$D:$D,"1月") | M9: =SUMIFS('売上見込み（案件別）'!$G:$G,'売上見込み（案件別）'!$D:$D,"2月") | N9: =SUMIFS('売上見込み（案件別）'!$G:$G,'売上見込み（案件別）'!$D:$D,"3月") | O9: =SUM(C9:N9) | P9: =O8 | Q9: =O9-P9
A10: 売上原価 | B10: 予算 | C10: =C8*$C$3 | D10: =D8*$C$3 | E10: =E8*$C$3 | F10: =F8*$C$3 | G10: =G8*$C$3 | H10: =H8*$C$3 | I10: =I8*$C$3 | J10: =J8*$C$3 | ... N10: =N8*$C$3 | O10: =SUM(C10:N10)
A11: 売上原価 | B11: 実績・見込み | C11: 64 | D11: 67 | E11: 74 | F11: 61 | G11: 70 | H11: 68 | I11: =I9*$C$4 | J11: =J9*$C$4 | K11: =K9*$C$4 | L11: =L9*$C$4 | M11: =M9*$C$4 | N11: =N9*$C$4 | O11: =SUM(C11:N11) | P11: =O10 | Q11: =O11-P11
A12: 粗利 | B12: 予算 | C12: =C8-C10 | D12: =D8-D10 | E12: =E8-E10 | F12: =F8-F10 | G12: =G8-G10 | H12: =H8-H10 | I12: =I8-I10 | J12: =J8-J10 | ... N12: =N8-N10 | O12: =SUM(C12:N12)
A13: 粗利 | B13: 実績・見込み | C13: =C9-C11 | D13: =D9-D11 | E13: =E9-E11 | F13: =F9-F11 | G13: =G9-G11 | H13: =H9-H11 | I13: =I9-I11 | J13: =J9-J11 | ... N13: =N9-N11 | O13: =SUM(C13:N13) | P13: =O12 | Q13: =O13-P13
A14: 販売費及び一般管理費 | B14: 予算 | C14: 20 | D14: 20 | E14: 20 | F14: 20 | G14: 20 | H14: 20 | I14: 20 | J14: 20 | K14: 20 | L14: 20 | M14: 20 | N14: 20 | O14: =SUM(C14:N14)
A15: 販売費及び一般管理費 | B15: 実績・見込み | C15: 20 | D15: 21 | E15: 20 | F15: 22 | G15: 20 | H15: 21 | I15: 21 | J15: 21 | K15: 21 | L15: 21 | M15: 21 | N15: 21 | O15: =SUM(C15:N15) | P15: =O14 | Q15: =O15-P15
A16: 営業利益 | B16: 予算 | C16: =C12-C14 | D16: =D12-D14 | E16: =E12-E14 | F16: =F12-F14 | G16: =G12-G14 | H16: =H12-H14 | I16: =I12-I14 | J16: =J12-J14 | ... N16: =N12-N14 | O16: =SUM(C16:N16)
A17: 営業利益 | B17: 実績・見込み | C17: =C13-C15 | D17: =D13-D15 | E17: =E13-E15 | F17: =F13-F15 | G17: =G13-G15 | H17: =H13-H15 | I17: =I13-I15 | J17: =J13-J15 | ... N17: =N13-N15 | O17: =SUM(C17:N17) | P17: =O16 | Q17: =O17-P17
A19: 営業利益率（予算） | O19: =IF(O8=0,"",O16/O8)
A20: 営業利益率（業績予想） | O20: =IF(O9=0,"",O17/O9)
A22: ※毎月、実績が確定した月の区分を「実績」に切り替え、残りの月の見込みを更新します（ローリング）。

Sheet 売上見込み（案件別）
A1: 売上見込み（案件別・確度別の期待値）
A2: 確度ごとの掛け率で期待値を計算します。掛け率は右の表で変更できます。
A4: 案件 | B4: 顧客・内容 | C4: 確度 | D4: 計上月 | E4: 金額（百万円） | F4: 掛け率 | G4: 期待値（百万円） | J4: 確度 | K4: 掛け率 | L4: 定義
A5: P-01 | B5: A社 基幹刷新 | C5: 受注済 | D5: 10月 | E5: 60 | F5: =IFERROR(VLOOKUP(C5,$J$5:$K$8,2,FALSE),0) | G5: =E5*F5 | J5: 受注済 | K5: 1 | L5: 契約締結済み
A6: P-02 | B6: B社 サイト制作 | C6: 受注済 | D6: 10月 | E6: 30 | F6: =IFERROR(VLOOKUP(C6,$J$5:$K$8,2,FALSE),0) | G6: =E6*F6 | J6: A | K6: 0.8 | L6: 内示・最終調整中
A7: P-03 | B7: C社 業務改善 | C7: 受注済 | D7: 11月 | E7: 80 | F7: =IFERROR(VLOOKUP(C7,$J$5:$K$8,2,FALSE),0) | G7: =E7*F7 | J7: B | K7: 0.5 | L7: 提案済み・競合あり
A8: P-04 | B8: D社 システム開発 | C8: 受注済 | D8: 12月 | E8: 70 | F8: =IFERROR(VLOOKUP(C8,$J$5:$K$8,2,FALSE),0) | G8: =E8*F8 | J8: C | K8: 0.2 | L8: 引き合い・初期段階
A9: P-05 | B9: E社 開発 | C9: 受注済 | D9: 1月 | E9: 50 | F9: =IFERROR(VLOOKUP(C9,$J$5:$K$8,2,FALSE),0) | G9: =E9*F9
A10: P-06 | B10: F社 追加開発 | C10: A | D10: 11月 | E10: 25 | F10: =IFERROR(VLOOKUP(C10,$J$5:$K$8,2,FALSE),0) | G10: =E10*F10
A11: P-07 | B11: G社 導入支援 | C11: A | D11: 1月 | E11: 60 | F11: =IFERROR(VLOOKUP(C11,$J$5:$K$8,2,FALSE),0) | G11: =E11*F11
A12: P-08 | B12: H社 システム刷新 | C12: A | D12: 2月 | E12: 90 | F12: =IFERROR(VLOOKUP(C12,$J$5:$K$8,2,FALSE),0) | G12: =E12*F12
A13: P-09 | B13: I社 制作 | C13: B | D13: 12月 | E13: 40 | F13: =IFERROR(VLOOKUP(C13,$J$5:$K$8,2,FALSE),0) | G13: =E13*F13
A14: P-10 | B14: J社 開発 | C14: B | D14: 2月 | E14: 60 | F14: =IFERROR(VLOOKUP(C14,$J$5:$K$8,2,FALSE),0) | G14: =E14*F14
A15: P-11 | B15: K社 全社導入 | C15: B | D15: 3月 | E15: 120 | F15: =IFERROR(VLOOKUP(C15,$J$5:$K$8,2,FALSE),0) | G15: =E15*F15
A16: P-12 | B16: L社 新規 | C16: C | D16: 3月 | E16: 100 | F16: =IFERROR(VLOOKUP(C16,$J$5:$K$8,2,FALSE),0) | G16: =E16*F16
A17: P-13 | B17: M社 新規 | C17: C | D17: 1月 | E17: 50 | F17: =IFERROR(VLOOKUP(C17,$J$5:$K$8,2,FALSE),0) | G17: =E17*F17
A18: P-14 | B18: 保守契約 継続（月額） | C18: 受注済 | D18: 10月 | E18: 20 | F18: =IFERROR(VLOOKUP(C18,$J$5:$K$8,2,FALSE),0) | G18: =E18*F18
A19: P-15 | B19: 保守契約 継続（月額） | C19: 受注済 | D19: 11月 | E19: 20 | F19: =IFERROR(VLOOKUP(C19,$J$5:$K$8,2,FALSE),0) | G19: =E19*F19
A20: P-16 | B20: 保守契約 継続（月額） | C20: 受注済 | D20: 12月 | E20: 20 | F20: =IFERROR(VLOOKUP(C20,$J$5:$K$8,2,FALSE),0) | G20: =E20*F20
... A23: P-19 | B23: 保守契約 継続（月額） | C23: 受注済 | D23: 3月 | E23: 20 | F23: =IFERROR(VLOOKUP(C23,$J$5:$K$8,2,FALSE),0) | G23: =E23*F23
B24: 合計 | E24: =SUM(E5:E23) | G24: =SUM(G5:G23)
A26: 確度 | B26: 金額合計 | C26: 期待値合計
A27: 受注済 | B27: =SUMIF($C$5:$C$23,A27,$E$5:$E$23) | C27: =SUMIF($C$5:$C$23,A27,$G$5:$G$23)
A28: A | B28: =SUMIF($C$5:$C$23,A28,$E$5:$E$23) | C28: =SUMIF($C$5:$C$23,A28,$G$5:$G$23)
A29: B | B29: =SUMIF($C$5:$C$23,A29,$E$5:$E$23) | C29: =SUMIF($C$5:$C$23,A29,$G$5:$G$23)
A30: C | B30: =SUMIF($C$5:$C$23,A30,$E$5:$E$23) | C30: =SUMIF($C$5:$C$23,A30,$G$5:$G$23)
